Match 38832660
Unlisted

Match 38832660
End
Construct Section Command Post
Vickers Machine Gun Team
Infantry Section
Selects Air and Sea Battlegroup
ML 3-inch Mortar Team
Infantry Section
Infantry Section
Construct Platoon Command Post
Selects Supply Surplus
Construct Resource Cache
Grenade Package
Unlock Bishop Self-propelled Artillery
Selects Commando Section Paradrop
CMP 15cwt Truck
Bishop Self-propelled Artillery
Selects Commando Support Section Paradrop
6-pounder Anti-tank Gun Team
Construct Company Command Post
Construct Field Infirmary
Crusader II Medium Tank
Crusader II Medium Tank
Infantry Training
RGDfleet
SpiNoS
Begemotttt
Mael Radec
Frank H C
BrD
-]PDL[- Doc. Unknown
The_wolf_esp
0
0

Comments sign in to comment!

No comments posted yet!